 Dungeon Crawl Stone Soup version 0.31-a0-851-g7ff8af7976 (webtiles) character file.

Game seed: 6490263132492882586

478 BinkBink the Chopper (level 7, -4/63 HPs)
             Began as a Hill Orc Monk on Oct 6, 2023.
             Was an Elder of Lugonu.
             Slain by a wyvern (12 damage)
             ... on level 4 of the Dungeon.
             The game lasted 00:04:28 (3642 turns).

BinkBink the Chopper (Hill Orc Monk)                Turns: 3642, Time: 00:04:29

Health: -4/63      AC:  7    Str: 16    XL:     7   Next: 11%
Magic:  7/7        EV: 14    Int: 10    God:    Lugonu [****..]
Gold:   165        SH:  0    Dex: 13    Spells: 6/6 levels left

rFire   + . .        a - +0 hand axe
rCold   . . .        p - +0 kite shield
rNeg    . . .        m - +2 ring mail {rF+}
rPois   .            (no helmet)
rElec   .            (no cloak)
rCorr   .            (no gloves)
SInv    .            (no boots)
Will    .....        (no amulet) Stlth
                     i - +5 ring of evasion
HPRegen 0.30/turn    (no ring)
MPRegen 0.10/turn

%: no passive effects
@: confused, ambrosia-drunk, hasted, very quick
A: no striking features
a: Renounce Religion, Depart the Abyss, Banish, Corrupt


You were on level 4 of the Dungeon.
You worshipped Lugonu.
Lugonu was greatly pleased with you.
You visited 1 branch of the dungeon, and saw 4 of its levels.

You collected 165 gold pieces.

Inventory:

Hand Weapons
 a - a +0 hand axe (weapon)
Armour
 d - an orb of light
 m - a +2 ring mail of fire resistance (worn)
 p - a +0 kite shield (worn)
Jewellery
 i - a +5 ring of evasion (left hand)
 q - a +5 ring of evasion
Scrolls
 b - a scroll of vulnerability {unknown}
 e - 3 scrolls of butterflies {unknown}
 g - a scroll of enchant armour {unknown}
 j - a scroll of acquirement {unknown}
 k - 2 scrolls of identify {unknown}
 o - a scroll of fog {unknown}
Potions
 f - a potion of haste
 h - a potion of cancellation {unknown}
 l - a potion of curing {unknown}
 n - a potion of heal wounds {unknown}


   Skills:
 + Level 6.0 Fighting
 + Level 6.6 Axes
 + Level 4.1 Armour
 - Level 2.4 Dodging
 + Level 1.4 Shields


You had 6 spell levels left.
You didn't know any spells.
Your spell library contained the following spells:

 Spells                   Type           Power      Damage    Failure   Level
 Ensorcelled Hibernation  Hex/Ice        0%         N/A       97%         2
 Passwall                 Tmut/Erth      0%         N/A       97%         2
 Static Discharge         Conj/Air       0%         2-2/arc   97%         2
 Swiftness                Air            0%         N/A       100%        3
 Airstrike                Air            0%         2d(0-16)  100%        4
 Summon Lightning Spire   Summ/Air       0%         N/A       100%        4


Dungeon Overview and Level Annotations

Branches:
Dungeon (4/15)
 Temple: D:4-7

Altars:
Makhleb
Lugonu

Shops:
D:2 [


Message History

You kill the kobold!
Lugonu accepts your kill.
Things that are here:
a +0 mace; an orc corpse You start resting.
A wyvern is nearby!
Things that are here:
a +0 dagger; 2 stones You start resting.
HP restored.
Things that are here:
a +0 dagger; 2 stones
Things that are here:
a +0 mace; an orc skeleton
Items here: )) [ †.
The wyvern hisses angrily.
The wyvern misses you. You block the wyvern's attack.
You barely miss the wyvern. You block the wyvern's attack.
You closely miss the wyvern. The wyvern misses you.
The wyvern bites you but does no damage.
You barely miss the wyvern. The wyvern bites you! x2
You completely miss the wyvern. You block the wyvern's attack.
The wyvern closely misses you.
You hit the wyvern but do no damage. You block the wyvern's attack.
You hit the wyvern but do no damage. You block the wyvern's attack.
The wyvern closely misses you.
You barely miss the wyvern. The wyvern bites you!
The wyvern completely misses you.
You hit the wyvern but do no damage. The wyvern bites you!
* * * LOW HITPOINT WARNING * * *
The wyvern closely misses you.
You hit the wyvern but do no damage. The wyvern bites you!
* * * LOW HITPOINT WARNING * * *
You hit the wyvern but do no damage. The wyvern barely misses you.
The wyvern bites you but does no damage.
It was a potion of haste.
You feel yourself speed up. The wyvern closely misses you.
You are confused.
You feel invigorated. The wyvern bites you!
You die...

#........###
#'####.....#### ######
#....#........##
##..).###.88.#.........#
#.####..#.88.#........##
#.# #..'....#........#
#.# #########........#
#.####..).###........##
##...)####@##...†....##
###### #l##.......<.#
#([# #.##.........# #!!#
#.##.........# ###.
.###..>......# . .
#.....>...# ## #
#.........# #.........#
#...#.....#


You could see a wyvern.

Vanquished Creatures
  Sigmund (D:2)
  A scorpion (D:3)
  2 hounds
  A gnoll bouda (D:4)
  Jessica (D:2)
  An iguana (D:4)
  3 adders
  A worm (D:3)
  4 dart slugs
  4 orcs
  6 bats
  8 endoplasms
  6 giant cockroaches
  7 goblins
  5 hobgoblins
  4 jackals (D:2)
  10 kobolds
  4 quokkas
  5 ball pythons
  4 frilled lizards (D:3)
  6 rats
84 creatures vanquished.

Notes
Turn   | Place    | Note
-------+----------+-------------------------------------------
     0 | D:1      | BinkBink the Hill Orc Monk began the quest for the Orb.
     0 | D:1      | Reached XP level 1. HP: 19/19 MP: 1/1
   152 | D:1      | Reached XP level 2. HP: 24/27 MP: 2/2
   210 | D:1      | Reached skill level 1 in Armour
   631 | D:1      | Found a faded altar of an unknown god.
   879 | D:1      | Prayed at the altar of an unknown god.
   879 | D:1      | Became a worshipper of Lugonu the Unformed
   879 | D:1      | Reached * piety under Lugonu
   879 | D:1      | Reached ** piety under Lugonu
  1059 | D:1      | Reached XP level 3. HP: 33/33 MP: 3/3
  1221 | D:2      | Found Moffer's Armour Shop.
  1306 | D:2      | Reached *** piety under Lugonu
  1387 | D:2      | Noticed Sigmund
  1439 | D:2      | Killed Sigmund
  1440 | D:2      | Reached skill level 5 in Fighting
  1440 | D:2      | Reached skill level 5 in Axes
  1440 | D:2      | Reached XP level 4. HP: 25/42 MP: 4/4
  1440 | D:2      | Reached XP level 5. HP: 29/48 MP: 5/5
  1528 | D:2      | Noticed Jessica
  1536 | D:2      | Killed Jessica
  1640 | D:2      | Reached XP level 6. HP: 56/56 MP: 6/6
  2035 | D:3      | Noticed an ice beast
  2512 | D:3      | Found a burning altar of Makhleb.
  2512 | D:3      | Noticed a green death
  3167 | D:4      | Reached skill level 1 in Shields
  3171 | D:4      | Reached **** piety under Lugonu
  3335 | D:4      | Reached XP level 7. HP: 47/63 MP: 7/7
  3402 | D:4      | Noticed a wyvern
  3642 | D:4      | Slain by a wyvern

Illustrated notes

Levels and vault maps discovered:
D:1:      lightli_arrival_statue_moat, layout_loops_ring,
          basic_ecumenical_altar, minmay_split_cup_small
D:2:      layout_loops_cross, serial_shops, shop,
          chequers_serial_rivers_small_b, uniq_jessica, uniq_sigmund
D:3:      minmay_octagon_keep, layout_loops_ring, makhleb_altar_promises_db
D:4:      minmay_chambers_of_fours, layout_cave_pods, serial_bayou_lake_a

Skill      XL: |  1  2  3  4  5  6 |
---------------+-------------------+-----
Armour         | 1 3 4 |  4.1
Fighting       | 4 5 6 |  6.0
Axes           | 5 6 |  6.6
Shields        | 1 |  1.4
Dodging        | |  2.4

Action                     |  1- 3 |  4- 6 |  7- 9 || total
---------------------------+-------+-------+-------++-------
  Melee: Hand axe          |   100 |   172 |    48 ||   320
    Use: Potion            |       |       |     2 ||     2
 Armour: Robe              |    19 |       |       ||    19
         Ring mail         |    29 |    60 |    24 ||   113
  Dodge: Dodged            |    79 |    79 |    20 ||   178
  Block: Kite shield       |       |    48 |    16 ||    64

Table legend: (Time is in decaauts)
 A = Elapsed time spent in this place.
 B = Non-inter-level travel time spent in this place.
 C = Inter-level travel time spent in this place.
 D = Time resting spent in this place.
 E = Time spent auto-exploring this place.
 F = Levels seen in this place.
 G = Mean time per level.
                   A        B        C        D        E       F      G
               +--------+--------+--------+--------+--------+-----+--------+
         Total |   3679 |   3443 |    236 |    160 |   2568 |   4 |  919.8 |
       Dungeon |   3679 |   3443 |    236 |    160 |   2568 |   4 |  919.8 |
               +--------+--------+--------+--------+--------+-----+--------+

Top non-repeatable levels by time:
     D:1: 1166 daAuts
     D:3: 1061 daAuts
     D:2: 856 daAuts
     D:4: 594 daAuts
